 Dungeon Crawl Stone Soup version 0.21-a0-278-ga722497 (webtiles) character file.

14422 tidbits the Fighter (level 11, -1/100 HPs)
             Began as a Purple Draconian Necromancer on Sept 22, 2017.
             Was a High Priest of Wu Jian.
             Slain by an orc warrior
             ... wielding a +3 mace of holy wrath
              (15 damage)
             ... on level 12 of the Dungeon.
             The game lasted 00:56:47 (4867 turns).

tidbits the Fighter (Purple Draconian Necromancer)  Turns: 4867, Time: 00:56:48

Health: -1/100     AC:  3    Str: 11    XL:     11   Next: 88%
Magic:  12/22      EV: 17    Int: 17    God:    Wu Jian [*****.]
Gold:   285        SH:  5    Dex: 13    Spells: 9/25 levels left

rFire    x . .     SeeInvis .     - Unarmed
rCold    + . .     Gourm    .   D - +0 buckler
rNeg     . . .     Faith    .   (armour unavailable)
rPois    .         Spirit   .   (helmet restricted)
rElec    .         Reflect  .   C - +2 cloak
rCorr    .         Harm     .   (no gloves)
MR       +....                  F - +0 pair of boots
Stlth    ++........             k - amulet of magic regeneration
HPRegen  0.26/turn              M - ring of ice
MPRegen  0.43/turn              o - +1 ring of slaying

@: about to teleport, corroded
A: breathe power, unfitting armour, cold-blooded, AC +7
a: Breathe Dispelling Energy, Serpent's Lash, Heavenly Storm, Renounce Religion


You were on level 12 of the Dungeon.
You worshipped Wu Jian.
Wu Jian was extremely pleased with you.
You were very hungry.

You visited 2 branches of the dungeon, and saw 13 of its levels.

You collected 649 gold pieces.
You spent 364 gold pieces at shops.

Inventory:

Hand Weapons
 a - a +0 scythe
 d - a +2 dagger of venom
   (You took it off a kobold on level 3 of the Dungeon)
 s - a +0 blowgun
 u - a +0 great sword
 w - a +1 shortbow of flaming
   (You took it off a centaur on level 11 of the Dungeon)
 x - a +3 quarterstaff of chaos
   (You took it off Crazy Yiuf on level 4 of the Dungeon)
 y - the +0 scimitar of the Ancient Scars {flame, +Fly Str+6}
   (You found it on level 4 of the Dungeon)

   It has been specially enchanted to burn those struck by it, causing extra
   injury to most foes and up to half again as much damage against particularly
   susceptible opponents.
   Big, fiery blades are also staple armaments of hydra-hunters.
   It affects your strength (+6).
   It lets you fly.
 J - a +1 whip of venom
   (You took it off an orc on level 8 of the Dungeon)
 V - a +0 scimitar of flaming
   (You took it off Erica on level 1 of the Lair of Beasts)
Missiles
 g - 11 tomahawks (quivered)
 j - 324 arrows
Armour
 C - a +2 cloak (worn)
 D - a +0 buckler (worn)
 F - a +0 pair of boots (worn)
Jewellery
 k - an amulet of magic regeneration (around neck)
   (You found it on level 1 of the Dungeon)
 o - a +1 ring of slaying (right hand)
   (You found it on level 2 of the Dungeon)
 B - an uncursed ring of protection from magic
   (You took it off a crimson imp on level 6 of the Dungeon)
 M - a ring of ice (left hand)
   (You found it on level 9 of the Dungeon)
Wands
 z - a wand of iceblast (3/15)
 A - a wand of flame (28/48)
 L - a wand of random effects (17/48)
Scrolls
 c - a scroll of amnesia {unknown}
 i - 2 scrolls of identify
 r - 3 scrolls of enchant weapon
 t - 2 scrolls of teleportation
 H - a scroll of blinking {unknown}
 I - a scroll of noise {unknown}
 K - a scroll of recharging {unknown}
 P - 3 scrolls of remove curse
 S - 2 scrolls of enchant armour {unknown}
 T - a scroll of fear {unknown}
 U - 2 scrolls of random uselessness {unknown}
Potions
 e - a potion of haste
 f - 3 potions of curing
 l - 3 potions of heal wounds
 m - a potion of agility
 n - a potion of lignification
 p - 4 potions of might
 q - a potion of cancellation
 v - 2 potions of brilliance
 O - a potion of resistance
Comestibles
 b - 7 bread rations
 h - 14 fruits
 Q - 6 chunks of flesh


   Skills:
 - Level 10.2 Fighting
 - Level 8.9 Dodging
 - Level 1.7 Stealth
 - Level 4.0 Shields
 + Level 9.6 Unarmed Combat
 - Level 7.8 Spellcasting
 - Level 1.0 Charms
 - Level 7.7 Necromancy


You had 9 spell levels left.
You knew the following spells:

 Your Spells              Type           Power        Failure   Level  Hunger
n - Animate Skeleton      Necr           N/A          1%          1    None
r - Regeneration          Chrm/Necr      ###.......   5%          3    #......
u - Control Undead        Necr           ####......   4%          4    ###....
v - Vampiric Draining     Necr           ####......   1%          3    #......
z - Pain                  Necr           ####         1%          1    None
N - Animate Dead          Necr           N/A          4%          4    ###....


Dungeon Overview and Level Annotations

Branches:
Dungeon (12/15)              Lair (1/6) D:10
 Temple: D:4-7          Orc: D:9-12

Altars:
Ashenzari
Elyvilon
Kikubaaqudgha
Makhleb
Okawaru
Sif Muna
Trog
Uskayaw
Wu Jian
Yredelemnul

Shops:
D:9 (   D:10 !

Annotations:
D:4 Menkaure


Innate Abilities, Weirdness & Mutations

You can breathe bolts of dispelling energy.
Your rich purple scales are hard. (AC +7)
You cannot fit into any form of body armour.
You are cold-blooded and may be slowed by cold attacks.


Message History

The killer bee stings you! The orc warrior barely misses you.
The killer bee closely misses you.
Wield which item (- for none, * to show all)? (? for menu, Esc to quit)
Your +2 dagger of venom begins to drip with poison!
d - a +2 dagger of venom (weapon)
The killer bee completely misses you.
You hit the killer bee but do no damage.
The killer bee is poisoned.
Your tail-slap misses the killer bee.
The killer bee stings you but does no damage.
The orc warrior hits you but does no damage.
The killer bee misses you.
You closely miss the killer bee.
The killer bee is moderately wounded.
The killer bee closely misses you. You block the orc warrior's attack.
The killer bee stings you.
You closely miss the killer bee.
The killer bee is severely wounded.
The killer bee barely misses you. You block the orc warrior's attack.
The killer bee barely misses you.
You hit the killer bee.
The killer bee looks as sick as possible!
The killer bee is almost dead.
You kill the killer bee!
The Council accepts your kill.
The orc warrior hits you but does no damage.
A manticore comes into view.
Wield which item (- for none, * to show all)? (? for menu, Esc to quit)
Your +2 dagger of venom stops dripping with poison.
You are now empty-handed.
Eat one of 6 chunks of flesh? (ye/n/q)
Okay, then.
Okay, then.
Evoke which item? (* to show all) (? for menu, Esc to quit)
Okay, then.
You punch the acid dragon!
The acid dragon is moderately wounded.
You block the acid dragon's attack. The acid dragon closely misses you.
The orc warrior hits you but does no damage.
You hit the acid dragon.
The acid dragon is moderately wounded.
The acid dragon bites you. The acid dragon barely misses you.
You block the orc warrior's attack.
A phantom comes into view.
You hit the acid dragon.
You tail-slap the acid dragon, but do no damage.
The acid dragon is moderately wounded.
The acid dragon misses you. x2
You barely miss the acid dragon.
The acid dragon is moderately wounded.
The orc warrior misses you. The acid dragon spits acid at you.
The splash of acid hits you! The acid corrodes you!
You are splashed with acid!
The acid burns!
* * * LOW HITPOINT WARNING * * *
Casting: Animate Skeleton
Confirm with . or Enter, or press ? or * to list all spells.
Aiming: Vampiric Draining
Press: ? - help, Shift-Dir - straight line, f - acid dragon
Aim: an acid dragon (moderately wounded, catching its breath)
The acid dragon is heavily wounded.
You feel life coursing into your body. The acid dragon bites you.
* * * LOW HITPOINT WARNING * * *
The acid dragon claws you but does no damage.
The orc warrior hits you with a mace of holy wrath!
* * * LOW HITPOINT WARNING * * *
Casting: Vampiric Draining
Confirm with . or Enter, or press ? or * to list all spells.
Aiming: Vampiric Draining
Press: ? - help, Shift-Dir - straight line, f/p - acid dragon
Aim: an acid dragon (heavily wounded, catching its breath)
The acid dragon is severely wounded.
You feel life coursing into your body. The acid dragon completely misses you.
The acid dragon claws you but does no damage.
The orc warrior misses you.
Casting: Vampiric Draining
Confirm with . or Enter, or press ? or * to list all spells.
Aiming: Vampiric Draining
Press: ? - help, Shift-Dir - straight line, f/p - acid dragon
Aim: an acid dragon (severely wounded, catching its breath)
The acid dragon is almost dead.
You feel life coursing into your body. The acid dragon spits acid at you.
The splash of acid hits you!
* * * LOW HITPOINT WARNING * * *
The acid corrodes you!
You are splashed with acid!
The acid burns!
* * * LOW HITPOINT WARNING * * *
Casting: Vampiric Draining
Confirm with . or Enter, or press ? or * to list all spells.
Aiming: Vampiric Draining
Press: ? - help, Shift-Dir - straight line, f/p - acid dragon
Aim: an acid dragon (almost dead, catching its breath)
You kill the acid dragon!
The Council accepts your kill.
You feel life coursing into your body.
The orc warrior hits you with a mace of holy wrath!
* * * LOW HITPOINT WARNING * * *
As you read the scroll of teleportation, it crumbles to dust.
You feel strangely unstable.
The orc warrior hits you with a mace of holy wrath!
You die...

#.#).# # ..#..# .#.#
###..##.#.#.# #
###.........# .#
............### ...
##........#.#.. ...#
##......#.# #.## ...#
.'......+ ..#.W###...#
##......# .#.Ho@†..#
#......+ #..###...#
#......# #.#..##...#
###'#### #.#.#..#.$.#.
#.# #.#.#.#....$## #.#
#.#.#.#.#..... ####.##
#.#.#.#..8..#
#.....####..#.#.#..8....#
#.....'.....#.#..8....8.#


You could see a manticore, a phantom and an orc warrior.

Vanquished Creatures
  2 two-headed ogres
  A manticore (D:12)
  A centaur zombie (D:12)
  A komodo dragon (D:10)
  A troll (D:10)
  4 hippogriffs
  3 blink frogs (Lair:1)
  Sigmund (D:6)
  13 yaks
  Eustachio (D:4)
  4 wyverns
  4 hogs (D:8)
  A human (D:8)
  A hungry ghost (D:12)
  An acid dragon (D:12)
  A water moccasin (Lair:1)
  Duvessa (D:6)
  A porcupine (Lair:1)
  2 sky beasts
  7 orc warriors
  An ice beast (D:9)
  4 ogres
  A black bear (D:12)
  A phantom (D:12)
  2 wolves (D:10)
  8 centaurs
  A crocodile (Lair:1)
  7 bullfrogs
  Blork the orc (D:4)
  Dowan (D:6)
  3 scorpions
  2 killer bees
  3 wights
  2 howler monkeys
  2 electric eels (D:10)
  4 crimson imps
  A quasit (D:8)
  9 hounds
  9 orc priests
  2 bullfrog skeletons
  3 bullfrog zombies
  9 orc wizards
  Crazy Yiuf (D:4)
  2 centaur skeletons
  An iguana (D:7)
  Natasha (D:2)
  7 worker ants
  A hound zombie (D:5)
  10 adders
  A shadow imp (D:12)
  2 oozes
  2 adder zombies
  2 worms
  3 dart slugs
  A leopard gecko (D:6)
  42 orcs
  2 ball pythons
  6 giant cockroaches
  3 goblins (D:1)
  6 hobgoblins
  12 jackals
  2 quokkas
  6 bats
  3 frilled lizards
  A jackal zombie (D:5)
  11 kobolds
  10 rats
  A butterfly (Lair:1)
266 creatures vanquished.

Vanquished Creatures (collateral kills)
  Erica (Lair:1)
  A spiny frog (Lair:1)
  Prince Ribbit (D:6)
  2 water moccasins (Lair:1)
  2 orc warriors
  An ogre (D:8)
  2 wolves (D:10)
  2 centaurs
  2 crocodiles (Lair:1)
  2 killer bees (D:9)
  2 wights
  A crimson imp (D:9)
  A jelly (D:9)
  An orc wizard (D:8)
  2 orcs
  A jackal (D:3)
  A frilled lizard (D:5)
25 creatures vanquished.

Grand Total: 291 creatures vanquished

Notes
Turn   | Place    | Note
-------+----------+-------------------------------------------
     0 | D:1      | tidbits the Draconian Necromancer began the quest for the Orb.
     0 | D:1      | Reached XP level 1. HP: 14/14 MP: 3/3
   154 | D:1      | Learned a level 1 spell: Animate Skeleton
   190 | D:1      | Reached XP level 2. HP: 14/20 MP: 5/5
   297 | D:2      | Found an ornate altar of the Wu Jian Council.
   297 | D:2      | Found a hide-covered altar of Uskayaw.
   305 | D:2      | Became a worshipper of the Wu Jian Council
   379 | D:2      | Found a basalt altar of Yredelemnul.
   433 | D:2      | Found a white marble altar of Elyvilon.
   491 | D:2      | Reached XP level 3. HP: 9/26 MP: 0/6
   501 | D:2      | Learned a level 3 spell: Vampiric Draining
   635 | D:2      | Noticed Natasha
   807 | D:2      | Reached skill level 5 in Necromancy
   903 | D:2      | Reached XP level 4. HP: 25/33 MP: 5/8
   930 | D:3      | Learned a level 3 spell: Regeneration
  1029 | D:2      | Killed Natasha
  1051 | D:3      | Reached * piety under Wu Jian
  1091 | D:4      | Noticed Menkaure
  1146 | D:3      | Found an iron altar of Okawaru.
  1147 | D:3      | Found a bloodstained altar of Trog.
  1331 | D:3      | Found a deep blue altar of Sif Muna.
  1364 | D:3      | Reached skill level 6 in Necromancy
  1364 | D:3      | Reached XP level 5. HP: 29/38 MP: 4/9
  1429 | D:3      | Reached skill level 7 in Necromancy
  1432 | D:3      | Reached XP level 6. HP: 32/45 MP: 10/10
  1473 | D:4      | Found a shattered altar of Ashenzari.
  1478 | D:4      | Noticed Eustachio
  1495 | D:4      | Killed Eustachio
  1530 | D:4      | Reached ** piety under Wu Jian
  1546 | D:4      | Reached skill level 2 in Dodging
  1546 | D:4      | Reached skill level 3 in Spellcasting
  1569 | D:4      | Reached skill level 1 in Fighting
  1569 | D:4      | Your scales start taking on a rich purple colour.
  1569 | D:4      | Reached XP level 7. HP: 26/52 MP: 2/12
  1670 | D:4      | Found a runed door.
  1674 | D:4      | Noticed Crazy Yiuf
  1679 | D:4      | Killed Crazy Yiuf
  1697 | D:4      | Learned a level 4 spell: Animate Dead
  1728 | D:4      | Got a smoking scimitar
  1729 | D:4      | Identified the cursed +0 scimitar of the Ancient Scars {flame, +Fly Str+6} (You found it on level 4 of the Dungeon)
  1743 | D:4      | Reached skill level 4 in Spellcasting
  1749 | D:4      | Noticed Blork the orc
  1757 | D:4      | Killed Blork the orc
  1794 | D:5      | Entered Level 5 of the Dungeon
  1899 | D:5      | Reached skill level 2 in Fighting
  1899 | D:5      | Reached skill level 1 in Charms
  1999 | D:5      | Reached skill level 3 in Dodging
  2121 | D:6      | Reached skill level 3 in Fighting
  2125 | D:6      | HP: 3/57 [something/puff of flame (6)]
  2128 | D:6      | Reached skill level 5 in Spellcasting
  2149 | D:6      | Noticed Sigmund
  2190 | D:6      | Noticed Prince Ribbit
  2192 | D:6      | Killed Sigmund
  2192 | D:6      | Reached XP level 8. HP: 55/66 MP: 14/16
  2194 | D:6      | Reached skill level 4 in Fighting
  2201 | D:6      | Killed Prince Ribbit
  2201 | D:6      | Reached skill level 4 in Dodging
  2203 | D:6      | Reached skill level 6 in Spellcasting
  2290 | D:7      | Noticed a hippogriff
  2309 | D:7      | Killed a hippogriff
  2309 | D:7      | Reached skill level 5 in Fighting
  2383 | D:6      | Noticed Duvessa
  2383 | D:6      | Noticed Dowan
  2401 | D:6      | Killed Duvessa
  2401 | D:6      | Reached skill level 5 in Dodging
  2404 | D:6      | Killed Dowan
  2430 | D:6      | Reached *** piety under Wu Jian
  2430 | D:6      | Reached XP level 9. HP: 49/75 MP: 19/19
  2489 | D:7      | Reached skill level 7 in Spellcasting
  2525 | D:7      | Reached skill level 6 in Fighting
  2836 | D:8      | Found an ancient bone altar of Kikubaaqudgha.
  2837 | D:8      | Reached skill level 6 in Dodging
  2916 | D:8      | Learned a level 4 spell: Control Undead
  2920 | D:9      | Reached skill level 7 in Fighting
  2951 | D:10     | Entered Level 10 of the Dungeon
  2989 | D:10     | Noticed a kobold demonologist
  3024 | D:10     | Reached skill level 8 in Fighting
  3024 | D:10     | Reached skill level 7 in Dodging
  3159 | D:8      | Reached XP level 10. HP: 82/89 MP: 18/21
  3253 | D:8      | Reached skill level 9 in Fighting
  3347 | D:8      | Reached **** piety under Wu Jian
  3348 | D:8      | Reached skill level 1 in Shields
  3393 | D:9      | Reached skill level 2 in Shields
  3423 | D:9      | Reached skill level 3 in Shields
  3473 | D:9      | Found Cud Yjah's Weapon Shop.
  3534 | D:9      | Reached skill level 4 in Shields
  3539 | D:9      | Reached skill level 8 in Dodging
  3976 | D:10     | Noticed a two-headed ogre
  3988 | D:10     | Killed a two-headed ogre
  3988 | D:10     | Reached skill level 10 in Fighting
  4045 | D:10     | Reached skill level 1 in Unarmed Combat
  4045 | D:10     | Reached XP level 11. HP: 67/100 MP: 4/22
  4046 | D:10     | Reached ***** piety under Wu Jian
  4063 | D:10     | Found a staircase to the Lair.
  4076 | D:10     | Reached skill level 2 in Unarmed Combat
  4086 | Lair:1   | Entered Level 1 of the Lair of Beasts
  4099 | Lair:1   | Reached skill level 3 in Unarmed Combat
  4105 | Lair:1   | Reached skill level 4 in Unarmed Combat
  4111 | Lair:1   | Reached skill level 5 in Unarmed Combat
  4229 | Lair:1   | Noticed Erica
  4235 | Lair:1   | Killed Erica
  4235 | Lair:1   | Reached skill level 6 in Unarmed Combat
  4384 | D:10     | Reached skill level 7 in Unarmed Combat
  4434 | D:10     | Found Ydoid's Distillery.
  4447 | D:10     | Bought a potion of heal wounds for 65 gold pieces
  4447 | D:10     | Bought a potion of heal wounds for 65 gold pieces
  4447 | D:10     | Bought a potion of haste for 130 gold pieces
  4447 | D:10     | Bought a potion of degeneration for 13 gold pieces
  4447 | D:10     | Bought a potion of might for 52 gold pieces
  4447 | D:10     | Bought a potion of lignification for 39 gold pieces
  4675 | D:12     | Reached skill level 8 in Unarmed Combat
  4707 | D:12     | Noticed a two-headed ogre
  4721 | D:12     | Killed a two-headed ogre
  4761 | D:12     | Reached skill level 9 in Unarmed Combat
  4799 | D:12     | Found a burning altar of Makhleb.
  4867 | D:12     | Slain by an orc warrior

Vault maps used:
D:1:      dpeg_arrival_three_bigger_balls
D:2:      kennysheep_ying_yang, grunt_temple_overflow_open, first_bread,
          uniq_natasha, uniq_robin
D:3:      gammafunk_temple_overflow_pools, lightli_temple_of_fire, led_sif_book
D:4:      ashenzari_altar_1, uniq_blork_the_orc, uniq_eustachio, uniq_menkaure,
          uniq_crazy_yiuf_cottage
D:6:      uniq_duvessa, uniq_sigmund, uniq_prince_ribbit1
D:7:      minmay_temple_entry_hall, serial_glass, glass_columns_a,
          glass_columns_a
D:8:      nicolae_overflow_crystal_walls, grunt_livestock, uniq_pikel
D:9:      david_orc_4, serial_shops, shop, item_on_display_a
D:10:     erik_lair_island, serial_shops, shop, shop, shop_fountains, shop
D:12:     minmay_the_grid_triangle_9x9_recursive_3_mashed
Lair:1:   lemuel_fruit_fields, infiniplex_staircase_pool, grunt_megastairs_3,
          uniq_erica, uniq_harold

Skill      XL: |  1  2  3  4  5  6  7  8  9 10 11 |
---------------+----------------------------------+-----
Necromancy     | 5 6 7 |  7.7
Dodging        | 2 3 5 7 8 |  8.9
Spellcasting   | 3 5 6 7 |  7.8
Fighting       | 1 3 5 8 10 | 10.2
Charms         | 1 |  1.0
Shields        | 4 |  4.0
Unarmed Combat | 1 9 |  9.6
Stealth        | |  1.7

Action                   |  1- 3 |  4- 6 |  7- 9 | 10-12 || total
-------------------------+-------+-------+-------+-------++-------
Melee: Short sword       |    12 |    14 |       |       ||    26
       Tailslap          |     1 |     6 |    43 |    67 ||   117
       Dagger            |       |    69 |   128 |   360 ||   557
       Scimitar          |       |       |    96 |    32 ||   128
       Unarmed           |       |       |       |   114 ||   114
Throw: Tomahawk          |    13 |       |       |       ||    13
 Cast: Pain              |    46 |    45 |    52 |    25 ||   168
       Vampiric Draining |     3 |    10 |    45 |    57 ||   115
       Animate Skeleton  |     1 |     4 |    12 |    18 ||    35
       Regeneration      |       |     1 |    15 |    31 ||    47
       Animate Dead      |       |       |     1 |    10 ||    11
       Control Undead    |       |       |       |     1 ||     1
Invok: Serpent's Lash    |       |       |       |     1 ||     1
       Heavenly Storm    |       |       |       |     1 ||     1
 Abil: Breathe Dispellin |       |       |     6 |     2 ||     8
Evoke: Wand              |       |       |       |     6 ||     6
  Use: Potion            |     1 |     2 |     2 |     1 ||     6
       Scroll            |       |     5 |     5 |     4 ||    14
 Stab: Sleeping          |       |     2 |     1 |     1 ||     4
       Distracted        |       |       |       |     2 ||     2
  Eat: Chunk             |     1 |     4 |     9 |    13 ||    27
Armor: Skin              |     7 |    25 |   106 |   120 ||   258
Dodge: Dodged            |    20 |    83 |   213 |   376 ||   692
Block: Buckler           |       |       |       |   123 ||   123
       Rpst.: Scimitar   |       |       |    33 |    11 ||    44

Table legend:
 A = Spawn XP
 B = Non-spawn XP
 C = Spawn XP percentage of total XP
 D = Spawn monster count
 E = Non-spawn monster count
 F = Spawn count percentage of total count
 G = Total turns spent on level
                    A         B        C        D         E        F      G
               +---------+---------+-------+---------+---------+-------+---------
         Total |       0 |   20603 |   0.0 |       0 |     290 |   0.0 |  4867
               +---------+---------+-------+---------+---------+-------+---------
           D:1 |       0 |      42 |   0.0 |       0 |      26 |   0.0 |   473
           D:2 |       0 |      98 |   0.0 |       0 |      13 |   0.0 |   587
           D:3 |       0 |     252 |   0.0 |       0 |      34 |   0.0 |   454
           D:4 |       0 |     506 |   0.0 |       0 |       9 |   0.0 |   280
           D:5 |       0 |     267 |   0.0 |       0 |      10 |   0.0 |   268
           D:6 |       0 |    1543 |   0.0 |       0 |      22 |   0.0 |   417
           D:7 |       0 |     906 |   0.0 |       0 |      16 |   0.0 |   273
           D:8 |       0 |    2326 |   0.0 |       0 |      33 |   0.0 |   468
           D:9 |       0 |    2555 |   0.0 |       0 |      39 |   0.0 |   508
          D:10 |       0 |    4084 |   0.0 |       0 |      40 |   0.0 |   507
          D:11 |       0 |     768 |   0.0 |       0 |       7 |   0.0 |   128
          D:12 |       0 |    3590 |   0.0 |       0 |      22 |   0.0 |   256
        Lair:1 |       0 |    3666 |   0.0 |       0 |      19 |   0.0 |   248
               +---------+---------+-------+---------+---------+-------+---------

Table legend:
 A = Turns spent in this place as a percentage of turns spent in the entire game.
 B = Non-inter-level travel turns spent in this place as a percentage of non-inter-level travel turns spent in the entire game.
 C = Inter-level travel turns spent in this place as a percentage of turns spent in this place.
 D = Turns resting spent in this place as a percentage of non-inter-level travel turns spent in this place.
 E = Turns spent auto-exploring this place as a percentage of non-inter-level travel turns spent in this place.
 F = Non-inter-level travel turns spent in this place divided by the number of levels of this place that you've seen.
                   A       B       C       D       E      F
               +-------+-------+-------+-------+-------+----------------------
         Total | 100.0 | 100.0 |   0.6 |   0.0 |   0.0 | 372.0
       Dungeon |  94.9 |  94.9 |   0.7 |   0.0 |   0.0 | 382.3
          Lair |   5.1 |   5.1 |   0.0 |   0.0 |   0.0 | 248.0
               +-------+-------+-------+-------+-------+----------------------

Table legend:
 A = Kills in this place as a percentage of kills in entire the game.
 B = Kills by you in this place as a percentage of kills by you in the entire game.
 C = Kills by friends in this place as a percentage of kills by friends in the entire game.
 D = Other kills in this place as a percentage of other kills in the entire game.
 E = Experience gained in this place as a percentage of experience gained in the entire game.
 F = Experience gained in this place divided by the number of levels of this place that you have seen.
                   A       B       C       D       E      F
               +-------+-------+-------+-------+-------+----------------------
         Total | 100.0 | 100.0 | 100.0 |   N/A | 100.0 | 1584.8
       Dungeon |  93.4 |  95.1 |  76.0 |   N/A |  82.2 | 1411.4
          Lair |   6.6 |   4.9 |  24.0 |   N/A |  17.8 | 3666.0
               +-------+-------+-------+-------+-------+----------------------

Vault maps used:
D:1:      dpeg_arrival_three_bigger_balls
D:2:      kennysheep_ying_yang, grunt_temple_overflow_open, first_bread,
          uniq_natasha, uniq_robin
D:3:      gammafunk_temple_overflow_pools, lightli_temple_of_fire, led_sif_book
D:4:      ashenzari_altar_1, uniq_blork_the_orc, uniq_eustachio, uniq_menkaure,
          uniq_crazy_yiuf_cottage
D:6:      uniq_duvessa, uniq_sigmund, uniq_prince_ribbit1
D:7:      minmay_temple_entry_hall, serial_glass, glass_columns_a,
          glass_columns_a
D:8:      nicolae_overflow_crystal_walls, grunt_livestock, uniq_pikel
D:9:      david_orc_4, serial_shops, shop, item_on_display_a
D:10:     erik_lair_island, serial_shops, shop, shop, shop_fountains, shop
D:12:     minmay_the_grid_triangle_9x9_recursive_3_mashed
Lair:1:   lemuel_fruit_fields, infiniplex_staircase_pool, grunt_megastairs_3,
          uniq_erica, uniq_harold
